 Dungeon Crawl Stone Soup version 0.31.0 (webtiles) character file.

Game seed: 12682388587880159814

534 qw the Shooter (level 7, -1/44 HPs)
             Began as a Gargoyle Hunter on Jan 19, 2024.
             Slain by a troll (3 damage)
             ... on level 5 of the Dungeon.
             The game lasted 00:00:16 (3203 turns).

qw the Shooter (Gargoyle Hunter)                    Turns: 3203, Time: 00:00:17

Health: -1/44      AC: 16    Str: 14    XL:     7   Next: 25%
Magic:  7/7        EV: 10    Int: 10    God:
Gold:   94         SH:  0    Dex: 15    Spells: 6/6 levels left

rFire   . . .        m - +1 arbalest
rCold   + . .        (shield currently unavailable)
rNeg    + . .        d - +0 ring mail
rPois   inf          (no helmet)
rElec   +            n - +0 cloak
rCorr   .            e - +0 pair of gloves
SInv    .            (no boots)
Will    .....        (no amulet)
Stlth   +            f - ring of protection from cold
HPRegen 0.27/turn    h - +4 ring of protection
MPRegen 0.10/turn

%: no passive effects
@: no status effects
A: sickness immunity, AC +4, negative energy resistance 1, electricity
resistance, torment resistance 1, petrification resistance
a: no special abilities


You were on level 5 of the Dungeon.
You visited 2 branches of the dungeon, and saw 6 of its levels.

You collected 198 gold pieces.
You spent 104 gold pieces at shops.


Innate Abilities, Weirdness & Mutations

You are immune to sickness and miasma.
Your stone body is resilient. (AC +4)
You are immune to poison.
You resist negative energy. (rN+)
You are resistant to electric shocks. (rElec)
You are resistant to unholy torment.
You are immune to petrification.


   Skills:
 - Level 4.7 Fighting
 - Level 7.4 Ranged Weapons
 + Level 1.0 Armour
 - Level 1.5 Dodging
 - Level 1.1 Stealth


You had 6 spell levels left.
You didn't know any spells.
Your spell library was empty.

Inventory:

Hand Weapons
 m - a +1 arbalest (weapon)
Armour
 d - a +0 ring mail (worn)
 e - a +0 pair of gloves (worn)
 n - a +0 cloak (worn)
Jewellery
 f - a ring of protection from cold (left hand)
 h - a +4 ring of protection (right hand)
 j - a ring of protection from fire
Wands
 c - a wand of charming (6)
 i - a wand of digging (7)
Potions
 a - a potion of curing
 b - a potion of cancellation
 o - a potion of enlightenment

Dungeon Overview and Level Annotations

Branches:
Dungeon (5/15)             Temple (1/1) D:4

Altars:
Ashenzari
Dithmenos
Elyvilon
Fedhas
Gozag
Hepliaklqana
Kikubaaqudgha
Makhleb
Nemelex Xobeh
Qazlal
Ru
Trog
Xom
Zin
The Shining One

Shops:
D:4 =*(*


Message History

g - a potion of berserk rage Done exploring.
3149 ||| READING scroll labelled JUNKOU BELL.
As you read the scroll labelled JUNKOU BELL, it crumbles to dust.
It is a scroll of enchant weapon.
3149 ||| ENCHANTING +0 arbalest.
Your +0 arbalest glows red for a moment.
Done exploring.
3150 ||| DROPPING potion of berserk rage.
You drop a potion of berserk rage.
Done exploring.
What level of the Dungeon? (default 4, ? - help)
There is a stone staircase leading down here.
You climb downwards.
There is a stone staircase leading up here.
Waypoint 5 assigned to D:5.
You now have 94 gold pieces (gained 7).
Found a stone staircase leading down.
A troll comes into view.
You shoot a bolt. The bolt barely misses the troll.
The troll shouts!
You shoot a bolt. The bolt barely misses the troll.
You shoot a bolt. The bolt barely misses the troll.
You shoot a bolt. The bolt closely misses the troll.
The troll bites you but does no damage. The troll barely misses you.
The troll claws you.
You shoot a bolt. The bolt closely misses the troll.
The troll bites you. The troll barely misses you. x2
The troll closely misses you. x2; The troll claws you!
You shoot a bolt. The bolt hits the troll!!
The troll is heavily wounded.
The troll bites you but does no damage. The troll claws you!
The troll claws you. The troll bites you. The troll claws you.
The troll claws you but does no damage.
You shoot a bolt. The bolt closely misses the troll.
The troll bites you.
The troll claws you but does no damage. x2
You shoot a bolt. The bolt closely misses the troll.
The troll bites you but does no damage. The troll barely misses you.
The troll closely misses you. The troll bites you but does no damage.
The troll claws you. x2
You die...

#>..# ...#
...#### ...... #
. # #.#.####.#
...#. #........
......##........
#...T@.#.##.#..
##..##.........
.... #.#.#.##..
#.## #.#.# #
#.#.. ###.###.
#.....#.#
#.....# .
#.....# ##


You could see a troll.

Vanquished Creatures
  Grinder (D:3)
  A black bear (D:4)
  3 bombardier beetles
  Ijyb (D:3)
  3 adders
  2 ufetubi (D:4)
  3 dart slugs
  3 orcs
  A bat (D:1)
  6 endoplasms
  4 giant cockroaches
  6 goblins
  6 hobgoblins
  2 jackals (D:3)
  8 kobolds
  5 quokkas
  3 ball pythons
  3 frilled lizards (D:2)
  10 rats
71 creatures vanquished.

Notes
Turn   | Place    | Note
-------+----------+-------------------------------------------
     0 | D:1      | qw the Gargoyle Hunter began the quest for the Orb.
     0 | D:1      | Reached XP level 1. HP: 12/12 MP: 1/1
     0 | D:1      | 0 ||| qw: Version: 0.3-a-132-g3d54051
     0 | D:1      | 0 ||| qw: Game counter: 147
     0 | D:1      | 0 ||| qw: Melee chars always use a shield: true
     0 | D:1      | 0 ||| qw: God list: Okawaru
     0 | D:1      | 0 ||| qw: Allow faded altars: false
     0 | D:1      | 0 ||| qw: Do Orc after clearing Dungeon:15 true
     0 | D:1      | 0 ||| qw: Do second Lair branch before Depths: true
     0 | D:1      | 0 ||| qw: Lair rune preference: random
     0 | D:1      | 0 ||| qw: Goals: Normal
     0 | D:1      | 0 ||| PLANNING D:1-11
   146 | D:1      | Reached XP level 2. HP: 17/17 MP: 2/2
   161 | D:1      | You fall into a shaft and drop 1 floor!
   182 | D:2      | 182 ||| FLEEEEING.
   190 | D:2      | 190 ||| STAIRDANCE
   524 | D:1      | Reached XP level 3. HP: 21/21 MP: 3/3
   534 | D:1      | Reached skill level 5 in Ranged Weapons
  1078 | D:1      | 1078 ||| UPGRADING to +0 ring mail.
  1088 | D:1      | 1088 ||| DROPPING +0 leather armour.
  1089 | D:1      | 1089 ||| UPGRADING to ring of protection from cold.
  1090 | D:1      | 1090 ||| DROPPING ring of wizardry.
  1091 | D:1      | 1091 ||| READING scroll labelled TEREUMIO IRUS.
  1092 | D:1      | 1092 ||| DROPPING scroll of butterflies.
  1472 | D:2      | Reached skill level 1 in Armour
  1486 | D:2      | Found a faded altar of an unknown god.
  1575 | D:2      | 1575 ||| READING 3 scrolls labelled XOEHEO ENIWNEL.
  1576 | D:2      | 1576 ||| READING scroll labelled RADUKKO PACHOL.
  1576 | D:2      | 1576 ||| IDENTIFYING murky black potion
  1577 | D:2      | 1577 ||| READING 3 scrolls labelled ARETYC JEUNIALL.
  1578 | D:2      | 1578 ||| FLEEEEING.
  1580 | D:2      | 1580 ||| DRINKING 2 brown potions.
  1581 | D:2      | 1581 ||| DROPPING 2 scrolls of poison.
  1621 | D:3      | 1621 ||| STAIRDANCE
  1626 | D:2      | Reached skill level 3 in Fighting
  1626 | D:2      | Reached XP level 4. HP: 26/28 MP: 4/4
  1637 | D:3      | 1637 ||| STAIRDANCE
  1654 | D:3      | 1654 ||| STAIRDANCE
  1656 | D:2      | HP: 7/28 [burnt (3)]
  1657 | D:2      | 1657 ||| FLEEEEING.
  1821 | D:3      | Noticed Ijyb
  1822 | D:3      | 1822 ||| DRINKING glowing cyan potion.
  1825 | D:3      | Noticed Grinder
  1855 | D:3      | Killed Ijyb
  1856 | D:3      | Reached XP level 5. HP: 23/32 MP: 5/5
  1858 | D:3      | 1858 ||| FLEEEEING.
  1863 | D:3      | HP: 7/32 [Grinder (2)]
  1864 | D:3      | 1864 ||| READING 2 scrolls of teleportation.
  1865 | D:3      | 1865 ||| DRINKING potion of heal wounds.
  1931 | D:3      | Found an opulent altar of Gozag.
  1932 | D:3      | Found a sparkling altar of Nemelex Xobeh.
  1960 | D:3      | Found a glowing silver altar of Zin.
  1996 | D:3      | Paralysed by Grinder for 2 turns
  2003 | D:3      | Paralysed by Grinder for 2 turns
  2008 | D:3      | HP: 8/32 [Grinder (4)]
  2009 | D:3      | 2009 ||| READING scroll of teleportation.
  2014 | D:3      | 2014 ||| FLEEEEING.
  2024 | D:3      | HP: 6/32 [Grinder (5)]
  2036 | D:3      | HP: 8/32 [Grinder (1)]
  2039 | D:3      | Killed Grinder
  2040 | D:3      | Reached skill level 7 in Ranged Weapons
  2040 | D:3      | Reached XP level 6. HP: 10/37 MP: 6/6
  2040 | D:3      | 2040 ||| FLEEEEING.
  2364 | D:3      | 2364 ||| UPGRADING to +4 ring of protection.
  2365 | D:3      | 2365 ||| READING scroll of identify.
  2365 | D:3      | 2365 ||| IDENTIFYING 3 scrolls labelled DETAOC BAIBOF
  2366 | D:3      | 2366 ||| DROPPING 3 scrolls of vulnerability.
  2395 | D:4      | Found Cusiqy's General Store.
  2403 | D:4      | 2403 ||| BUYING +0 pair of gloves (54 gold).
  2403 | D:4      | Bought a +0 pair of gloves for 54 gold pieces
  2420 | D:4      | 2420 ||| FLEEEEING.
  2427 | D:4      | 2427 ||| STAIRDANCE
  2493 | D:3      | 2493 ||| UPGRADING to +0 pair of gloves.
  2503 | D:4      | Found Cahepnor's Jewellery Emporium.
  2506 | D:4      | 2506 ||| SHOPLISTING Hermit's Pendant {Faith Invo=14 Evo=0
                  | MP+5} (632 gold, have 85).
  2506 | D:4      | 2506 ||| SHOPLISTING amulet of the acrobat (330 gold, have
                  | 85).
  2506 | D:4      | 2506 ||| SHOPLISTING ring "Jucir" {rN+ Stlth+} (327 gold,
                  | have 85).
  2509 | D:4      | Found a staircase to the Ecumenical Temple.
  2510 | D:4      | 2510 ||| PLANNING TEMPLE
  2516 | Temple   | Found a transporter.
  2516 | Temple   | Found a transporter.
  2516 | Temple   | Found a transporter.
  2516 | Temple   | Found a transporter.
  2516 | Temple   | Entered the Ecumenical Temple
  2517 | Temple   | 2517 ||| PLANNING D:1-11
  2560 | D:4      | 2560 ||| FLEEEEING.
  2658 | D:4      | Found Wopoul's Antique Weapon Shop.
  2712 | D:4      | Noticed a black bear
  2719 | D:4      | Killed a black bear
  2720 | D:4      | Reached XP level 7. HP: 44/44 MP: 7/7
  2784 | D:4      | 2784 ||| SWAPPING to +0 arbalest.
  2786 | D:4      | 2786 ||| DROPPING +0 shortbow.
  3016 | D:4      | Found Oxusm's General Store.
  3027 | D:4      | 3027 ||| BUYING potion of enlightenment (50 gold).
  3027 | D:4      | Bought a potion of enlightenment for 50 gold pieces
  3027 | D:4      | 3027 ||| SHOPLISTING wand of digging (7) (294 gold, have
                  | 82).
  3067 | D:4      | Found a blossoming altar of Fedhas.
  3142 | D:4      | 3142 ||| UPGRADING to +0 cloak.
  3147 | D:4      | 3147 ||| READING 2 scrolls of identify.
  3147 | D:4      | 3147 ||| IDENTIFYING yellow potion
  3148 | D:4      | 3148 ||| READING scroll of identify.
  3148 | D:4      | 3148 ||| IDENTIFYING silvery potion
  3149 | D:4      | 3149 ||| READING scroll labelled JUNKOU BELL.
  3149 | D:4      | 3149 ||| ENCHANTING +0 arbalest.
  3150 | D:4      | 3150 ||| DROPPING potion of berserk rage.
  3182 | D:5      | Entered Level 5 of the Dungeon
  3195 | D:5      | Noticed a troll
  3201 | D:5      | HP: 9/44 [troll (3)]
  3203 | D:5      | HP: 2/44 [troll (4)]
  3203 | D:5      | Slain by a troll

Levels and vault maps discovered:
D:1:      dpeg_cavernosity, layout_basic
D:2:      layout_basic, hellmonk_ecumenical_altar_defaced_shrine
D:3:      layout_rooms, grunt_temple_overflow_opulence, zin_statuary,
          st_stairs_9, uniq_grinder, uniq_ijyb
D:4:      nicolae_cairo_tiling_very_big, layout_cave_pools,
          mainiacjoe_overflow_paths, minmay_temple_entry_glass, serial_shops,
          shop, nicolae_shop_rolling_square, nicolae_shop_behind_doors,
          nicolae_diamond_shop
D:5:      layout_loops_cross, chequers_temple_overflow_statue_of_worship,
          nicolae_shop_sticking_my_neck_out, uniq_prince_ribbit1
Temple:   hellmonk_temple_divided_pantheon

Skill      XL: |  1  2  3  4  5  6 |
---------------+-------------------+-----
Ranged Weapons | 5 7 |  7.4
Armour         | 1 |  1.0
Fighting       | 3 4 |  4.7
Dodging        | |  1.5
Stealth        | |  1.1

Action                     |  1- 3 |  4- 6 |  7- 9 || total
---------------------------+-------+-------+-------++-------
   Fire: Shortbow          |   113 |   143 |     6 ||   262
         Arbalest          |       |       |    20 ||    20
    Use: Scroll            |     4 |     3 |     3 ||    10
         Potion            |     1 |     2 |       ||     3
 Armour: Leather armour    |    12 |       |       ||    12
         Ring mail         |    17 |    81 |    19 ||   117
  Dodge: Dodged            |    26 |    66 |     9 ||   101

Table legend:
 A = Non-vault XP
 B = Vault XP
 C = Vault XP percentage of total XP
 D = Non-vault monster count
 E = Vault monster count
 F = Vault count percentage of total count
                 A         B        C        D         E       F
            +---------+---------+-------+---------+---------+-------
      Total |     354 |     409 |  53.6 |      60 |      11 |  15.5
            +---------+---------+-------+---------+---------+-------
        D:1 |      42 |       8 |  16.0 |      24 |       4 |  14.3
        D:2 |      15 |      21 |  58.3 |      11 |       4 |  26.7
        D:3 |      43 |     380 |  89.8 |      11 |       3 |  21.4
        D:4 |     254 |       0 |   0.0 |      14 |       0 |   0.0
            +---------+---------+-------+---------+---------+-------
